 Dungeon Crawl Stone Soup version 0.18-a0-60-g15541d7 (webtiles) character file.

819 mrstan the Carver (level 7, 0/63 HPs)
             Began as a Minotaur Gladiator on Nov 7, 2015.
             Was a Follower of Okawaru.
             Slain by a centaur zombie (2 damage)
             ... on level 5 of the Dungeon on Nov 8, 2015.
             The game lasted 00:17:00 (3337 turns).

mrstan the Carver (Minotaur Gladiator)              Turns: 3337, Time: 00:17:00

Health: 0/63       AC:  6    Str: 19    XL:     7   Next: 63%
Magic:  6/6        EV: 15    Int:  5    God:    Okawaru [*.....]
Gold:   255        SH:  0    Dex: 13    Spells: 0 memorised, 6 levels left

rFire  . . .     SeeInvis .     a - +1 long sword
rCold  + . .     Clarity  .     k - +0 ring mail
rNeg   . . .     SustAt   .     (no shield)
rPois  .         Gourm    .     c - +0 hat
rElec  .         Spirit   .     (no cloak)
rCorr  .         Warding  .     (no gloves)
rMut   .         Stasis   .     (no boots)
MR     .....                    (no amulet)
Stlth  ++........               (no ring)
                                g - ring of protection from cold

@: heroism, not resistant to hostile enchantments, unstealthy
A: retaliatory headbutt, horns 2
a: Heroism, Renounce Religion


You were on level 5 of the Dungeon.
You worshipped Okawaru.
Okawaru was aware of your devotion.
You were hungry.

You visited 2 branches of the dungeon, and saw 6 of its levels.

You collected 255 gold pieces.

Inventory:

Hand Weapons
 a - a +1 long sword (weapon)
Missiles
 d - 3 throwing nets (quivered)
Armour
 b - a +0 leather armour
 c - a +0 hat (worn)
 k - a +0 ring mail (worn)
Jewellery
 g - a ring of protection from cold (left hand)
Scrolls
 i - 5 scrolls of teleportation
 l - 4 scrolls of identify
 o - 2 scrolls of remove curse
 p - a scroll of enchant weapon
 q - a scroll of fear {unknown}
Potions
 n - a potion of flight
Comestibles
 e - 3 bread rations
 f - 2 meat rations
 h - 4 fruits
 j - 2 beef jerkies


   Skills:
 + Level 6.2(11.2) Fighting
 + Level 9.2(14.2) Long Blades
 - Level 2.0(7.0) Throwing
 - Level 3.2(8.2) Dodging


You had 6 spell levels left.
You didn't know any spells.

Dungeon Overview and Level Annotations

Branches:
Dungeon (5/15)             Temple (1/1) D:4

Altars:
Ashenzari
Cheibriados
Dithmenos
Elyvilon
Fedhas
Makhleb
Nemelex Xobeh
Okawaru
Qazlal
Vehumet
Yredelemnul
Zin
The Shining One


Innate Abilities, Weirdness & Mutations

You reflexively headbutt those who attack you in melee.
You have a pair of horns on your head.


Message History

* * * LOW HITPOINT WARNING * * *
You hit the gnoll.
You kill the gnoll!
Okawaru accepts your kill. The centaur zombie hits you.
* * * LOW HITPOINT WARNING * * *
The gnoll closely misses you.
The centaur zombie hits you but does no damage.
You completely miss the centaur zombie. You headbutt the centaur zombie.
The centaur zombie hits you but does no damage.
You barely miss the centaur zombie. You headbutt the centaur zombie!
The centaur zombie closely misses you. You furiously retaliate!
You headbutt the centaur zombie.
The gnoll hits you from afar with a halberd.
* * * LOW HITPOINT WARNING * * *
You barely miss the centaur zombie.
Your headbutt misses the centaur zombie.
The centaur zombie barely misses you.
You hit the centaur zombie. The centaur zombie hits you.
You die...

#.#≈...⌠...≈# ####
#.+.P.♣!♣.P?+
#....#.#≈...⌠...≈#
#....#.#≈.P.bbP.≈#
#....#.##≈.bP..≈##
#.......##≈≈.≈≈##.
#........###'###..
#.....@Zg..)......
###.####<##)......
### .......
.....## .......
#######


You could see a gnoll and a centaur zombie.

Vanquished Creatures
  The ghost of culcha the Poker, an amateur DsGl (D:4)
  A phantom (D:4)
  An ogre (D:4)
  A scorpion (D:5)
  A hound (D:4)
  An orc wizard (D:3)
  A worker ant (D:4)
  2 gnoll shamans
  An orc priest (D:3)
  Terence (D:2)
  14 gnolls
  6 adders
  A worm (D:4)
  3 giant geckos
  9 orcs
  6 bats
  5 giant cockroaches
  5 hobgoblins
  2 jackals (D:2)
  6 kobolds
  3 quokkas
  A giant newt (D:2)
  10 goblins
  7 rats
89 creatures vanquished.

Notes
Turn   | Place    | Note
--------------------------------------------------------------
     0 | D:1      | mrstan the Minotaur Gladiator began the quest for the Orb.
     0 | D:1      | Reached XP level 1. HP: 18/18 MP: 0/0
    48 | D:1      | Reached skill level 4 in Long Blades
    72 | D:1      | Reached XP level 2. HP: 12/25 MP: 1/1
   296 | D:1      | Upgraded the game from 0.18-a0-50-g7dfd161 to 0.18-a0-60-g15541d7
   941 | D:2      | Noticed Terence
   964 | D:2      | Reached XP level 3. HP: 31/31 MP: 2/2
   984 | D:2      | Reached skill level 5 in Long Blades
  1000 | D:2      | Killed Terence
  1000 | D:2      | Reached XP level 4. HP: 26/40 MP: 3/3
  1701 | D:3      | Reached skill level 6 in Long Blades
  1765 | D:3      | Reached XP level 5. HP: 42/46 MP: 4/4
  2037 | D:3      | Found a sparkling altar of Nemelex Xobeh.
  2374 | D:4      | Noticed a phantom
  2382 | D:4      | Killed a phantom
  2382 | D:4      | Reached skill level 7 in Long Blades
  2382 | D:4      | Reached XP level 6. HP: 50/53 MP: 5/5
  2435 | D:4      | Found a staircase to the Ecumenical Temple.
  2443 | Temple   | Entered the Ecumenical Temple
  2528 | Temple   | Became a worshipper of Warmaster Okawaru
  2580 | D:4      | Noticed culcha's ghost (amateur DsGl)
  2600 | D:4      | Killed culcha's ghost
  2600 | D:4      | Reached * piety under Okawaru
  2600 | D:4      | Reached skill level 5 in Fighting
  2600 | D:4      | Reached skill level 8 in Long Blades
  2605 | D:4      | Reached XP level 7. HP: 33/61 MP: 6/6
  3298 | D:5      | Entered Level 5 of the Dungeon
  3312 | D:5      | Reached skill level 9 in Long Blades
  3329 | D:5      | HP: 3/63 [centaur zombie (4)]
  3335 | D:5      | HP: 2/63 [gnoll/halberd (2)]
  3337 | D:5      | Slain by a centaur zombie

Vault maps used:
D:1:      dpeg_arrival_tiny_f, nrook_loot_triangle
D:2:      hex_tiny, mrwooster_statue_mirror, uniq_terence
D:3:      nemelex_xobeh_ov_fountains_minmay, eino_curves_04
D:4:      minmay_temple_entry_overgrown
D:5:      grunt_temple_overflow_open, lemuel_crystal_altar, first_bread,
          hangedman_glass_garden, minmay_tree_intersection
Temple:   circular_temple_12

Action                   |  1- 3 |  4- 6 |  7- 9 || total
-------------------------+-------+-------+-------++-------
Melee: Long sword        |    49 |   110 |    49 ||   208
Invok: Heroism           |       |       |     2 ||     2
  Use: Scroll            |     2 |     5 |       ||     7
       Potion            |     2 |     4 |     2 ||     8
  Eat: Chunk             |       |     5 |     2 ||     7
